Map: Orbital Shipyard

Players

schuter - Winner!

  • Race: Zerg Zerg
  • League: Diamond

LilDicky

  • Race: Terran Terran
  • League: Diamond

VOD

http://www.twitch.tv/tumescentpie

Description

Time

  • Played on: Nov. 25, 2015, 8:51 p.m.
  • Length: 7:54
Show
View Real Time Build Order
Export as new Build Order

schuter Zerg - Winner!

Build Orders: Hatch First, Roach Nydus 

Get SALT Encoding   

  12  0:01  Drone  
  13  0:12  Overlord  
  13  0:17  Drone  
  14  0:30  Drone x2  
  14  0:34  Drone  
  17  0:54  Hatchery  
  17  0:55  Drone  
  17  1:00  Drone  
  18  1:13  Spawning Pool  
  18  1:15  Drone  
  18  1:20  Drone  
  18  1:23  Extractor  
  18  1:28  Drone  
  19  1:44  Drone  
  20  1:49  Drone  
  21  2:00  Overlord  
  21  2:05  Queen x2  
  21  2:06  Drone  
  26  2:13  Drone  
  27  2:21  Roach Warren  
  27  2:22  Drone x2, Extractor  
  27  2:30  Drone  
  28  2:37  Spine Crawler  
  28  2:50  Drone x2  
  28  2:51  Drone x2  
  32  3:00  Extractor  
  30  3:10  Roach x3  
  35  3:21  Drone  
  35  3:22  Overlord x2  
  36  3:30  Lair  
  36  3:41  Roach x6  
  42  3:46  Queen  
  50  3:51  Drone  
  50  3:52  Drone  
  52  4:00  Overlord  
  52  4:16  Overlord x2  
  52  4:31  Queen  
  54  4:32  Queen  
  56  4:41  Nydus Network  
  56  4:45  Roach x3  
  61  4:46  Roach  
  63  5:04  Roach x5  
  73  5:18  Ravager x2  
  75  5:35  Overlord x2  
  75  5:36  Overlord  
  75  5:43  Pneumatized Carapace, Overseer  
  75  6:06  Roach  
  75  6:07  Roach x3  
  80  6:28  Ravager  
  80  6:29  Ravager  
  82  7:04  Nydus Canal  
  82  7:07  Roach  
  84  7:08  Overlord  
  84  7:09  Overlord x2  
Show
View Real Time Build Order
Export as new Build Order

LilDicky Terran 

Build Orders: Reaper Expand, MMM Bio 

Get SALT Encoding   

  12  0:01  SCV  
  13  0:13  SCV  
  14  0:22  Supply Depot  
  14  0:25  SCV  
  15  0:35  Refinery  
  15  0:44  SCV  
  15  0:45  Barracks  
  16  0:56  SCV  
  17  1:08  SCV  
  18  1:20  SCV  
  19  1:32  Reaper  
  21  1:34  Supply Depot  
  21  1:35  Orbital Command  
  20  1:49  Command Center  
  20  2:00  Supply Depot  
  20  2:04  Reaper  
  20  2:05  Refinery  
  21  2:08  SCV  
  22  2:20  SCV  
  23  2:40  Barracks Reactor  
  23  2:42  SCV, Factory  
  24  2:54  SCV  
  25  3:11  SCV  
  26  3:13  Orbital Command  
  26  3:16  Supply Depot  
  26  3:22  Barracks x2  
  26  3:24  SCV  
  27  3:30  Starport  
  27  3:31  Barracks Reactor  
  27  3:35  Hellion x2  
  31  3:46  SCV  
  32  3:51  SCV  
  32  3:54  Supply Depot  
  33  3:59  SCV  
  34  4:03  Liberator  
  34  4:04  Liberator  
  34  4:07  Hellion x2  
  38  4:10  SCV  
  39  4:18  Barracks Tech Lab x2  
  39  4:20  Barracks Reactor  
  45  4:24  SCV  
  45  4:25  SCV  
  47  4:36  SCV  
  47  4:37  SCV  
  49  4:42  Hellion x2  
  53  4:48  SCV  
  53  4:49  SCV  
  53  4:50  Supply Depot  
  53  4:52  Stimpack  
  55  4:56  Combat Shields  
  55  4:58  Marine  
  56  5:00  SCV  
  56  5:03  Marine x3  
  60  5:08  Supply Depot, Hellion  
  60  5:12  Hellion  
  60  5:14  SCV  
  65  5:16  Marine  
  65  5:17  Supply Depot  
  65  5:19  Liberator  
  65  5:21  Marine x3  
  69  5:32  SCV x2  
  69  5:34  Hellion x2  
  74  5:39  Marine, Refinery, Marauder  
  74  5:40  Refinery  
  74  5:41  Marine  
  81  5:44  SCV x2  
  83  5:56  SCV, Engineering Bay  
  84  5:57  Engineering Bay  
  80  6:18  Widow Mine x2  
  80  6:20  SCV  
  80  6:25  Marine  
  85  6:28  Command Center  
  86  6:39  Missile Turret  
  86  7:01  Barracks  
  86  7:02  Supply Depot, Barracks  
  86  7:03  Supply Depot  
  86  7:06  Supply Depot  
  86  7:22  Marine x2  
  86  7:23  SCV x2  
  86  7:24  Marauder x2  
  91  7:36  SCV x2  
Tags
 
Add a new tag
Caveats
  • Supply blocks, unpowered buildings, or Contaminate may cause inaccurate times.
  • Supply counts are checked every 10 seconds.